 Dungeon Sprint DCSS version 0.29.1-12-g30fa7ad0bf (webtiles) character file.

Game seed: 12018462126248331838

2503 Groucho the Unseen (level 9, -6/39 HPs)
             Began as a Spriggan Enchanter on Jan 4, 2023.
             Was a High Priest of Dithmenos.
             Killed from afar by a molten gargoyle (24 damage)
             ... with a bolt of magma
             ... in the Dungeon (Sprint VII: "The Pits").
             The game lasted 00:05:52 (1421 turns).

Groucho the Unseen (Spriggan Enchanter)             Turns: 1421, Time: 00:05:52

Health: -6/39      AC:  5    Str:  8    XL:     9   Next: 28%
Magic:  22/25      EV: 20    Int: 17    God:    Dithmenos [*****.]
Gold:   0          SH:  0    Dex: 15    Spells: 20/31 levels left

rFire   . . .      SeeInvis +   a - +2 dagger
rCold   . . .      Faith    .   (no shield)
rNeg    . . .      Spirit   .   b - +0 robe
rPois   .          Reflect  .   (helmet restricted)
rElec   .          Harm     .   (no cloak)
rCorr   .          Rampage  .   (gloves unavailable)
Will    +....      NoTele   +   (boots unavailable)
Stlth   ++++++++++              (no amulet)
HPRegen 0.13/turn               m - +3 ring of evasion
MPRegen 0.19/turn               n - +3 ring of protection

@: confusing by touch, wreathed by umbra, very quick
A: very small, no large weapons, unfitting armour, see invisible, speed 3
a: Renounce Religion, Shadow Step, Shadow Form


You were in the Dungeon.
You worshipped Dithmenos.
Dithmenos was extremely pleased with you.
You visited 1 branch

Inventory:

Hand Weapons
 a - a +2 dagger (weapon)
 f - a +1 dagger of electrocution
 t - a +2 short sword of distortion
Missiles
 l - 13 stones (quivered)
 s - 2 throwing nets
Armour
 b - a +0 robe (worn)
Jewellery
 m - a +3 ring of evasion (left hand)
 n - a +3 ring of protection (right hand)
Scrolls
 i - a scroll of blinking
 j - 5 scrolls of amnesia
 k - a scroll of summoning
Potions
 c - 3 potions of invisibility
 d - 6 potions of curing
 e - 6 potions of heal wounds
 g - 4 potions of magic
 h - 5 potions of berserk rage
 o - 3 potions of resistance
 p - a potion of might
 q - a potion of mutation
 r - a potion of brilliance


   Skills:
 + Level 8.0 Short Blades
 - Level 2.6 Dodging
 - Level 16.0 Stealth
 + Level 11.6 Spellcasting
 + Level 7.0 Conjurations
 + Level 11.9 Hexes
 * Level 6.6 Invocations


You had 20 spell levels left.
You knew the following spells:

 Your Spells              Type           Power      Damage    Failure   Level
a - Ensorcelled Hibernat  Hex/Ice        60%        N/A       1%          2
b - Confusing Touch       Hex            50%        N/A       1%          3
c - Dazzling Flash        Conj/Hex       84%        N/A       1%          3
d - Tukima's Dance        Hex            50%        N/A       1%          3

Your spell library contained the following spells:

 Spells                   Type           Power      Damage    Failure   Level


Dungeon Overview and Level Annotations

Branches:
Dungeon (1/1)

Altars:
Ashenzari
Cheibriados
Dithmenos
Elyvilon
Fedhas
Gozag
Hepliaklqana
Kikubaaqudgha
Makhleb
Nemelex Xobeh
Okawaru
Qazlal
Ru
Sif Muna
Trog
Uskayaw
Vehumet
Wu Jian
Xom
Yredelemnul
Zin
The Shining One
Jiyva
Lugonu


Innate Abilities, Weirdness & Mutations

You are very small and have problems with some larger weapons.
You are too small for most types of armour.
You have supernaturally acute eyesight. (SInv)
You cover ground extremely quickly. (Speed+++)


Message History

HP restored.
You start resting.
Magic restored.
You start waiting.
Done waiting.
Unknown command.
Aiming: Shadow Step
Press: ? - help, Dir - move target, f - you You cannot target yourself.
Okay, then.
You open the large door.
A molten gargoyle comes into view. It is wielding a +3 mace of holy wrath.
The molten gargoyle moves out of view.
An ogre and a phantasmal warrior come into view.
The molten gargoyle blasts magma at you!
The bolt of magma misses you.
There is a large open door here.
There is a huge open gate to the Metal Vault (Medium) here.
There is a huge open gate to the Metal Vault (Medium) here.
You start waiting.
A molten gargoyle is nearby!
There is an open door to the Entrance Hall (Safe) here.
You start waiting.
A molten gargoyle is nearby!
You start waiting.
A molten gargoyle is nearby!
Casting: Ensorcelled Hibernation (safe; 1% risk of failure)
Confirm with . or Enter, or press ? or * to list all spells.
Your hands begin to glow red.
The molten gargoyle blasts magma at you!
The bolt of magma misses you.
There is an open door to the Entrance Hall (Safe) here.
The molten gargoyle hits you with a +3 mace of holy wrath!
You are engulfed in flames!
You are too injured to fight recklessly!
You hit the molten gargoyle but do no damage.
The molten gargoyle blasts magma at you!
The bolt of magma hits you!!
Ouch! That really hurt!
You die...

#_________.# #_________.#
#_______...###########++######
##########'##................#
#.?..')))'.##......#..#......#
##########)##................+
#....)..).).'................+
#'#####)#####...9..#..#......#
#.#.....#[[##...@............#
#.#.....#))#####'#####''######
#.###'###).##.......##''#####
#.#...†.#))##.......##..9...+
#.#.....#..##.......##......+
#.####'##'###...<...##...).##
#.#........##.......##9.(###
#.#†.......##.......##..##
#'###########.......##''#


You could see a molten gargoyle.

Vanquished Creatures
  Harold (D)
  Sonja (D)
  A deep troll (D)
  A flying skull (D)
  A basilisk (D)
  A floating eye (D)
  A water moccasin (D)
  A sky beast (D)
  2 scorpions (D)
  A quasit (D)
  A jelly (D)
  2 orc wizards (D)
  A river rat (D)
  6 orcs (D)
  An endoplasm (D)
  A goblin (D)
  A kobold (D)
  A ball python (D)
  A ball python zombie (D)
  2 rats (D)
28 creatures vanquished.

Notes
Turn   | Place    | Note
-------+----------+-------------------------------------------
     0 | D        | Groucho the Spriggan Enchanter began the quest for the Orb.
     0 | D        | Reached XP level 1. HP: 9/9 MP: 5/5
    13 | D        | Reached skill level 5 in Stealth
    40 | D        | Found a bloodstained altar of Trog.
    40 | D        | Found a shimmering blue altar of Sif Muna.
    40 | D        | Found a viscous altar of Jiyva.
    40 | D        | Found a hazy altar of Hepliaklqana.
    40 | D        | Found an opulent altar of Gozag.
    41 | D        | Found a glowing golden altar of the Shining One.
    41 | D        | Found a glowing silver altar of Zin.
    41 | D        | Found a basalt altar of Yredelemnul.
    41 | D        | Found a shimmering altar of Xom.
    41 | D        | Found an ornate altar of the Wu Jian Council.
    41 | D        | Found a sacrificial altar of Ru.
    41 | D        | Found a stormy altar of Qazlal.
    41 | D        | Found an iron altar of Okawaru.
    41 | D        | Found a sparkling altar of Nemelex Xobeh.
    41 | D        | Found a burning altar of Makhleb.
    41 | D        | Found a blossoming altar of Fedhas.
    41 | D        | Found a white marble altar of Elyvilon.
    41 | D        | Found a shadowy altar of Dithmenos.
    41 | D        | Found a snail-covered altar of Cheibriados.
    43 | D        | Found a radiant altar of Vehumet.
    43 | D        | Found a corrupted altar of Lugonu.
    44 | D        | Found a hide-covered altar of Uskayaw.
    44 | D        | Found an ancient bone altar of Kikubaaqudgha.
    44 | D        | Found a broken altar of Ashenzari.
    51 | D        | Became a worshipper of Dithmenos the Shadowed
    75 | D        | Reached skill level 6 in Stealth
    75 | D        | Reached XP level 2. HP: 13/13 MP: 5/7
    85 | D        | Noticed a floating eye
    86 | D        | Noticed a scorpion
    88 | D        | Killed a floating eye
    88 | D        | Reached * piety under Dithmenos
    89 | D        | Reached skill level 11 in Stealth
    89 | D        | Reached XP level 3. HP: 16/16 MP: 5/11
    89 | D        | Reached XP level 4. HP: 21/21 MP: 5/13
    90 | D        | Killed a scorpion
    91 | D        | Reached skill level 12 in Stealth
    91 | D        | Reached XP level 5. HP: 24/24 MP: 5/15
    97 | D        | Reached skill level 13 in Stealth
    97 | D        | Reached ** piety under Dithmenos
   105 | D        | Reached skill level 14 in Stealth
   295 | D        | Noticed a flying skull
   297 | D        | Noticed a sky beast
   333 | D        | Learned a level 2 spell: Ensorcelled Hibernation
   337 | D        | Learned a level 3 spell: Confusing Touch
   341 | D        | Learned a level 3 spell: Dazzling Flash
   345 | D        | Learned a level 3 spell: Tukima's Dance
   348 | D        | Killed a sky beast
   349 | D        | Reached skill level 1 in Conjurations
   349 | D        | Reached XP level 6. HP: 28/28 MP: 13/18
   354 | D        | Reached *** piety under Dithmenos
   386 | D        | Killed a flying skull
   386 | D        | Reached **** piety under Dithmenos
   387 | D        | Reached skill level 15 in Stealth
   387 | D        | Reached XP level 7. HP: 29/32 MP: 1/20
   722 | D        | Reached ***** piety under Dithmenos
   962 | D        | Noticed a deep troll
   975 | D        | Reached skill level 16 in Stealth
   988 | D        | Killed a deep troll
   989 | D        | Reached skill level 10 in Spellcasting
   989 | D        | Reached skill level 10 in Hexes
   989 | D        | Reached XP level 8. HP: 33/36 MP: 10/23
  1258 | D        | Noticed Harold
  1258 | D        | Noticed Sonja
  1260 | D        | Killed Sonja
  1262 | D        | Killed Harold
  1263 | D        | Reached XP level 9. HP: 36/39 MP: 19/25
  1393 | D        | Noticed a molten gargoyle
  1394 | D        | Noticed a phantasmal warrior
  1421 | D        | Killed from afar by a molten gargoyle

Illustrated notes

Levels and vault maps discovered:
D:        pitsprint [storerooms_1, entrance_room_1, metal_vault_4, armoury_2,
          mini_pit_1, grid_room_1, main_hall_1, silver_pit, the_coven_1,
          the_vestibule_1, steel_vault_5, golden_pit, hallway_of_sentries,
          crystal_vault_4, iron_vault_3, final_vault]

Skill      XL: |  1  2  3  4  5  6  7  8 |
---------------+-------------------------+-----
Stealth        | 6 11 12 14 15 16 | 16.0
Spellcasting   | 3 6 8 10 11 | 11.6
Hexes          | 4 6 7 8 9 10 11 | 11.9
Short Blades   | 2 3 6 8 |  8.0
Conjurations   | 1 3 6 7 |  7.0
Invocations    | 6 |  6.6
Dodging        | |  2.6

Action                   |  1- 3 |  4- 6 |  7- 9 || total
-------------------------+-------+-------+-------++-------
Melee: Dagger            |    14 |    20 |    13 ||    47
Throw: Stone             |       |       |     1 ||     1
 Cast: Ensorcelled Hiber |       |     9 |    10 ||    19
       Confusing Touch   |       |     1 |     1 ||     2
Invok: Shadow Step       |       |       |     1 ||     1
  Use: Potion            |     3 |       |     1 ||     4
 Stab: Sleeping          |     2 |    11 |    12 ||    25
       Confused          |       |     1 |       ||     1
Armor: Robe              |     1 |     1 |       ||     2
Dodge: Dodged            |     8 |    12 |     5 ||    25
